TOP OF THE 1ST |
Seattle Rainiers batting - Pitching for Chula Vista Tacos : LHP Andrew Caine
|
Pitching: LHP Andrew Caine
|
|
Batting: RHB Edward Melton
|
0-0: Ground out 6-3 (Groundball, 6)
|
Batting: RHB Doug Williams
|
0-0: Swinging Strike 0-1: Ball 1-1: Foul Ball, location: 2F 1-2: Ball 2-2: Foul Ball, location: 2F 2-2: Strikes out swinging
|
Batting: LHB Brian Boone
|
0-0: Called Strike 0-1: Foul Ball, location: 2F 0-2: Strikes out swinging
|
Top of the 1st over - 0 run(s), 0 hit(s), 0 error(s), 0 left on base; Seattle 0 - Chula Vista 0 |
BOTTOM OF THE 1ST |
Chula Vista Tacos batting - Pitching for Seattle Rainiers : LHP Nelson Béltre
|
Pitching: LHP Nelson Béltre
|
|
Batting: RHB Ricardo Guzmán
|
0-0: Foul Ball, location: 2F 0-1: Foul Ball, location: 2F 0-2: Ball 1-2: Ball 2-2: Foul Ball, location: 2F 2-2: Ball 3-2: DOUBLE (Line Drive, 8LXD)
|
Batting: RHB John Nelson
|
0-0: Ground out 4-3 (Groundball, 4) Ricardo Guzmán to third
|
Batting: RHB Cedric Price
|
0-0: Called Strike 0-1: Swinging Strike 0-2: Ball 1-2: Ball 2-2: Ball 3-2: Fly out, F7 (Flyball, 7M) Runner from 3rd tags up, SCORES, no throw
|
Batting: LHB Ken Phillips
|
0-0: Ball 1-0: Ball 2-0: Ball 3-0: Called Strike 3-1: Base on Balls
|
Batting: RHB Doug Brown
|
0-0: Fly out, F8 (Flyball, 8LM)
|
Bottom of the 1st over - 1 run(s), 1 hit(s), 0 error(s), 1 left on base; Seattle 0 - Chula Vista 1 |
TOP OF THE 2ND |
Seattle Rainiers batting - Pitching for Chula Vista Tacos : LHP Andrew Caine
|
Batting: SHB Nick Cox
|
0-0: Swinging Strike 0-1: Swinging Strike 0-2: Ball 1-2: Ball 2-2: Fly out, F8 (Flyball, 8LD)
|
Batting: RHB Jacob Hill
|
0-0: Foul Ball, location: 2F 0-1: Foul Ball, location: 2F 0-2: Ground out 6-3 (Groundball, 6M)
|
Batting: RHB Bill Dawson
|
0-0: Ball 1-0: Called Strike 1-1: Swinging Strike 1-2: Strikes out looking
|
Top of the 2nd over - 0 run(s), 0 hit(s), 0 error(s), 0 left on base; Seattle 0 - Chula Vista 1 |
BOTTOM OF THE 2ND |
Chula Vista Tacos batting - Pitching for Seattle Rainiers : LHP Nelson Béltre
|
Batting: RHB José Oliveira
|
0-0: Ground out 4-3 (Groundball, 4M)
|
Batting: LHB Jaime Icaza
|
0-0: Ball 1-0: Ball 2-0: Fly out, F7 (Flyball, 78M)
|
Batting: LHB Ray Bryant
|
0-0: Ball 1-0: Swinging Strike 1-1: Foul Ball, location: 2F 1-2: Foul Ball, location: 2F 1-2: Strikes out swinging
|
Bottom of the 2nd over - 0 run(s), 0 hit(s), 0 error(s), 0 left on base; Seattle 0 - Chula Vista 1 |
TOP OF THE 3RD |
Seattle Rainiers batting - Pitching for Chula Vista Tacos : LHP Andrew Caine
|
Batting: RHB Jorge Montoya
|
0-0: Ball 1-0: Foul Ball, location: 2F 1-1: Foul Ball, location: 2F 1-2: Foul Ball, location: 2F 1-2: Ball 2-2: Ball 3-2: Base on Balls
|
Batting: RHB Jorge Colón
|
0-0: Called Strike 0-1: Ball 1-1: Foul Ball, location: 2F 1-2: Ball 2-2: SINGLE (Line Drive, 8LS) Jorge Montoya to second
|
Batting: LHB Alan Moore
|
0-0: Foul Ball, location: 2F 0-1: Ball 1-1: Called Strike 1-2: Ball 2-2: SINGLE (Groundball, 5S) (infield hit) Jorge Montoya to third Jorge Colón to second
|
Batting: RHB Edward Melton
|
0-0: Grounds into double play, 6-4-3 (Groundball, 6D) Jorge Montoya scores Jorge Colón to third
|
Batting: RHB Doug Williams
|
0-0: Foul Ball, location: 2F 0-1: Ball 1-1: Swinging Strike 1-2: Ground out 6-3 (Groundball, 6M)
|
Top of the 3rd over - 1 run(s), 2 hit(s), 0 error(s), 1 left on base; Seattle 1 - Chula Vista 1 |
BOTTOM OF THE 3RD |
Chula Vista Tacos batting - Pitching for Seattle Rainiers : LHP Nelson Béltre
|
Batting: SHB Michael Aisher
|
0-0: Swinging Strike 0-1: Ground out 6-3 (Groundball, 6)
|
Batting: RHB Ricardo Guzmán
|
0-0: Foul Ball, location: 2F 0-1: Swinging Strike 0-2: SINGLE (Line Drive, 7S)
|
Batting: RHB John Nelson
|
0-0: Ball Ricardo Guzmán steals 2nd base 1-0: Called Strike 1-1: SINGLE (Line Drive, 7S) Ricardo Guzmán to third
|
Batting: RHB Cedric Price
|
0-0: Ball John Nelson is caught stealing 2nd base 1-0: Ground out 6-3 (Groundball, 6)
|
Bottom of the 3rd over - 0 run(s), 2 hit(s), 0 error(s), 1 left on base; Seattle 1 - Chula Vista 1 |
TOP OF THE 4TH |
Seattle Rainiers batting - Pitching for Chula Vista Tacos : LHP Andrew Caine
|
Batting: LHB Brian Boone
|
0-0: Ball 1-0: Ball 2-0: Swinging Strike 2-1: Foul Ball, location: 2F 2-2: Foul Ball, location: 2F 2-2: Ball 3-2: Foul Ball, location: 2F 3-2: Strikes out swinging
|
Batting: SHB Nick Cox
|
0-0: Called Strike 0-1: Called Strike 0-2: Strikes out swinging
|
Batting: RHB Jacob Hill
|
0-0: Ball 1-0: Foul Ball, location: 2F 1-1: SINGLE (Groundball, 56)
|
Batting: RHB Bill Dawson
|
0-0: Called Strike 0-1: Ball 1-1: Called Strike 1-2: Strikes out swinging
|
Top of the 4th over - 0 run(s), 1 hit(s), 0 error(s), 1 left on base; Seattle 1 - Chula Vista 1 |
BOTTOM OF THE 4TH |
Chula Vista Tacos batting - Pitching for Seattle Rainiers : LHP Nelson Béltre
|
Batting: LHB Ken Phillips
|
0-0: Called Strike 0-1: Ball 1-1: Called Strike 1-2: Ground out U3 (Groundball, 3S)
|
Batting: RHB Doug Brown
|
0-0: Called Strike 0-1: Swinging Strike 0-2: SINGLE (Flyball, 9LS)
|
Batting: RHB José Oliveira
|
0-0: Foul Ball, location: 2F 0-1: Ball Wild Pitch! Doug Brown to second 1-1: Swinging Strike 1-2: Strikes out swinging
|
Batting: LHB Jaime Icaza
|
0-0: Called Strike 0-1: Ball 1-1: Ball 2-1: Called Strike 2-2: Foul Ball, location: 2F 2-2: Foul Ball, location: 2F 2-2: Strikes out swinging
|
Bottom of the 4th over - 0 run(s), 1 hit(s), 0 error(s), 1 left on base; Seattle 1 - Chula Vista 1 |
TOP OF THE 5TH |
Seattle Rainiers batting - Pitching for Chula Vista Tacos : LHP Andrew Caine
|
Batting: RHB Jorge Montoya
|
0-0: Ball 1-0: Called Strike 1-1: Ball 2-1: SINGLE (Line Drive, 9S)
|
Batting: RHB Jorge Colón
|
0-0: Called Strike 0-1: Called Strike 0-2: Strikes out swinging
|
Batting: LHB Alan Moore
|
0-0: Grounds out, U3 (Groundball, 3L)
|
Batting: RHB Edward Melton
|
0-0: Called Strike 0-1: Ball 1-1: Ball 2-1: Foul Ball, location: 2F 2-2: SINGLE (Groundball, 6MD) Jorge Montoya to third Runner from 3rd tries for Home, SAFE, no throw or cutoff
|
Batting: RHB Doug Williams
|
0-0: Fielders Choice at 2nd, 6-4 (Groundball, 6)
|
Top of the 5th over - 1 run(s), 2 hit(s), 0 error(s), 0 left on base; Seattle 2 - Chula Vista 1 |
BOTTOM OF THE 5TH |
Chula Vista Tacos batting - Pitching for Seattle Rainiers : LHP Nelson Béltre
|
Batting: LHB Ray Bryant
|
0-0: Called Strike 0-1: Swinging Strike 0-2: Ball 1-2: Foul Ball, location: 2F 1-2: Strikes out swinging
|
Batting: SHB Michael Aisher
|
0-0: Fly out, F7 (Flyball, 7M)
|
Batting: RHB Ricardo Guzmán
|
0-0: Foul Ball, location: 2F 0-1: Ball 1-1: Ball 2-1: Ball 3-1: Foul Ball, location: 2F 3-2: Strikes out swinging
|
Bottom of the 5th over - 0 run(s), 0 hit(s), 0 error(s), 0 left on base; Seattle 2 - Chula Vista 1 |
TOP OF THE 6TH |
Seattle Rainiers batting - Pitching for Chula Vista Tacos : LHP Andrew Caine
|
Batting: LHB Brian Boone
|
0-0: Called Strike 0-1: Swinging Strike 0-2: Foul Ball, location: 2F 0-2: Ball 1-2: Ball 2-2: Foul Ball, location: 2F 2-2: Strikes out swinging
|
Batting: SHB Nick Cox
|
0-0: Called Strike 0-1: DOUBLE (Groundball, 3L)
|
Pitching: RHP Mike Marrero
|
|
Batting: RHB Jacob Hill
|
0-0: Called Strike 0-1: Ground out 6-3 (Groundball, 6)
|
Batting: RHB Bill Dawson
|
0-0: Called Strike 0-1: Swinging Strike 0-2: Foul Ball, location: 2F 0-2: Ball 1-2: Ball 2-2: Strikes out looking
|
Top of the 6th over - 0 run(s), 1 hit(s), 0 error(s), 1 left on base; Seattle 2 - Chula Vista 1 |
BOTTOM OF THE 6TH |
Chula Vista Tacos batting - Pitching for Seattle Rainiers : LHP Nelson Béltre
|
Batting: RHB John Nelson
|
0-0: Ball 1-0: Ground out 6-3 (Groundball, 6M)
|
Batting: RHB Cedric Price
|
0-0: SINGLE (Line Drive, 56)
|
Batting: LHB Ken Phillips
|
0-0: Ball 1-0: Ball Cedric Price steals 2nd base 2-0: Ball 3-0: Called Strike 3-1: Base on Balls
|
Batting: RHB Doug Brown
|
0-0: Ball 1-0: Called Strike 1-1: Ground out 4-3 (Groundball, 4M) Cedric Price to third Ken Phillips to second
|
Batting: RHB José Oliveira
|
0-0: Ball 1-0: Ball 2-0: Ball 3-0: Called Strike 3-1: Foul Ball, location: 2F 3-2: Foul Ball, location: 2F 3-2: Foul Ball, location: 2F 3-2: Base on Balls
|
Pitching: RHP Lúcio Feliciano
|
|
Batting: LHB Jaime Icaza
|
0-0: Ball 1-0: Foul Ball, location: 2F 1-1: Foul Ball, location: 2F 1-2: Strikes out swinging
|
Bottom of the 6th over - 0 run(s), 1 hit(s), 0 error(s), 3 left on base; Seattle 2 - Chula Vista 1 |
TOP OF THE 7TH |
Seattle Rainiers batting - Pitching for Chula Vista Tacos : RHP Mike Marrero
|
Batting: RHB Jorge Montoya
|
0-0: Called Strike 0-1: Ground out 5-3 (Groundball, 56)
|
Batting: RHB Jorge Colón
|
0-0: Ball 1-0: Ball 2-0: SINGLE (Groundball, 34D)
|
Pitching: LHP Brock Saunders
|
|
Pinch Hitting: RHB Enrique Mendoza
|
0-0: Called Strike 0-1: Ball 1-1: Ball 2-1: Ball Jorge Colón steals 2nd base 3-1: Intentional Walk
|
Pitching: RHP Wayne Walker
|
|
Pinch Hitting: SHB Vicente Pagán
|
0-0: Called Strike 0-1: Called Strike 0-2: Foul Ball, location: 2F 0-2: Strikes out swinging
|
Pinch Hitting: RHB Juan Morales
|
0-0: Ball 1-0: Fly out, F6 (Line Drive, 6)
|
Top of the 7th over - 0 run(s), 1 hit(s), 0 error(s), 2 left on base; Seattle 2 - Chula Vista 1 |
BOTTOM OF THE 7TH |
Chula Vista Tacos batting - Pitching for Seattle Rainiers : RHP Lúcio Feliciano
|
Now at 1B: Vicente Pagán
|
|
Now in CF: Juan Morales
|
|
Now in RF: Enrique Mendoza
|
|
Batting: LHB Ray Bryant
|
0-0: Called Strike 0-1: Ball 1-1: Ball 2-1: Ball 3-1: Base on Balls
|
Batting: SHB Michael Aisher
|
0-0: Ball 1-0: Foul Ball, location: 2F 1-1: Sac Bunt - play at first, batter OUT! 1-3 Ray Bryant to second
|
Batting: RHB Ricardo Guzmán
|
0-0: Ball 1-0: Ball 2-0: Ball 3-0: Base on Balls
|
Pinch Hitting: RHB Ron Glass
|
0-0: Swinging Strike 0-1: Ball 1-1: Ball 2-1: Ball 3-1: Foul Ball, location: 2F 3-2: Base on Balls Ray Bryant to third Ricardo Guzmán to second
|
Pinch Hitting: LHB Karl Hill
|
0-0: Ball 1-0: Called Strike 1-1: Swinging Strike 1-2: Foul Ball, location: 2F 1-2: Strikes out swinging
|
Batting: LHB Ken Phillips
|
0-0: Ball 1-0: Ball 2-0: Ball 3-0: Base on Balls Ray Bryant scores Ricardo Guzmán to third Ron Glass to second
|
Batting: RHB Doug Brown
|
0-0: Called Strike 0-1: Fly out, F9 (Popup, 9S)
|
Bottom of the 7th over - 1 run(s), 0 hit(s), 0 error(s), 3 left on base; Seattle 2 - Chula Vista 2 |
TOP OF THE 8TH |
Seattle Rainiers batting - Pitching for Chula Vista Tacos : RHP Wayne Walker
|
Now at 2B: Michael Myers
|
|
Now at 3B: Ron Glass
|
|
Batting: LHB Brian Boone
|
0-0: Ball 1-0: Swinging Strike 1-1: Called Strike 1-2: Strikes out swinging
|
Batting: SHB Nick Cox
|
0-0: Ball 1-0: Foul Ball, location: 2F 1-1: Foul Ball, location: 2F 1-2: Ball 2-2: Ball 3-2: Strikes out swinging
|
Batting: RHB Jacob Hill
|
0-0: Called Strike 0-1: Called Strike 0-2: Strikes out swinging
|
Top of the 8th over - 0 run(s), 0 hit(s), 0 error(s), 0 left on base; Seattle 2 - Chula Vista 2 |
BOTTOM OF THE 8TH |
Chula Vista Tacos batting - Pitching for Seattle Rainiers : RHP Lúcio Feliciano
|
Pinch Hitting: RHB Manny Torrez
|
0-0: Called Strike 0-1: Ball 1-1: Called Strike 1-2: Ball 2-2: Ball 3-2: Base on Balls
|
Pitching: RHP Michael Morris
|
|
Batting: LHB Jaime Icaza
|
0-0: Ball Manny Torrez steals 2nd base 1-0: SINGLE (Line Drive, 9LS) Manny Torrez to third Runner from 3rd tries for Home, SAFE, no throw or cutoff
|
Batting: LHB Ray Bryant
|
0-0: Ball 1-0: Bunt missed! 1-1: Bunt missed! 1-2: TRIPLE (Flyball, 8RXD) Jaime Icaza scores
|
Batting: SHB Michael Aisher
|
0-0: Fly out, F3 (Line Drive, 3S)
|
Batting: RHB Ricardo Guzmán
|
0-0: Called Strike 0-1: Called Strike 0-2: Ball 1-2: Foul Ball, location: 2F 1-2: Foul Ball, location: 2F 1-2: Ball 2-2: Fly out, F7 (Flyball, 78XD) Runner from 3rd tags up, SCORES, no throw
|
Batting: RHB Ron Glass
|
0-0: Ground out 5-3 (Groundball, 56)
|
Bottom of the 8th over - 3 run(s), 2 hit(s), 0 error(s), 0 left on base; Seattle 2 - Chula Vista 5 |
TOP OF THE 9TH |
Seattle Rainiers batting - Pitching for Chula Vista Tacos : RHP Wayne Walker
|
Pitching: LHP Geoff Williams
|
|
Now in CF: Manny Torrez
|
|
Batting: RHB Bill Dawson
|
0-0: Ball 1-0: Swinging Strike 1-1: Ball 2-1: Foul Ball, location: 2F 2-2: Strikes out swinging
|
Batting: RHB Jorge Montoya
|
0-0: Called Strike 0-1: Called Strike 0-2: Foul Ball, location: 2F 0-2: Ball 1-2: Strikes out swinging
|
Batting: RHB Jorge Colón
|
0-0: Ball 1-0: DOUBLE (Line Drive, 7LS)
|
Batting: RHB Enrique Mendoza
|
0-0: Ball 1-0: Swinging Strike 1-1: Ball 2-1: Ground out 1-3 (Groundball, 13S)
|
Top of the 9th over - 0 run(s), 1 hit(s), 0 error(s), 1 left on base; Seattle 2 - Chula Vista 5 |
|